 Dungeon Crawl Stone Soup version 0.19-a0-1341-g3513869 (webtiles) character file.

12119 Slobodan the Destroyer (level 11, -10/67 HPs)
             Began as a Tengu Conjurer on Aug 31, 2016.
             Was a Priest of Vehumet.
             Mangled by an 11-headed hydra (13 damage)
             ... on level 1 of the Lair of Beasts on Sept 1, 2016.
             The game lasted 02:31:05 (14431 turns).

Slobodan the Destroyer (Tengu Conjurer)            Turns: 14431, Time: 02:31:08

Health: -10/67     AC:  9    Str:  9    XL:     11   Next: 88%
Magic:  14/24      EV: 15    Int: 18    God:    Vehumet [***...]
Gold:   840        SH:  9    Dex: 15    Spells: 4 memorised, 4 levels left

rFire  . . .     SeeInvis .     E - +2 falchion (distort)
rCold  . . .     Gourm    .     a - +0 robe
rNeg   . . .     Faith    .     y - +0 buckler
rPois  +         Spirit   .     p - +2 hat
rElec  .         Dismiss  .     b - +1 cloak {rPois}
rCorr  .         Reflect  +     x - +2 pair of gloves
MR     .....     Harm     .     (boots unavailable)
Stlth  +++.......               k - +4 amulet of reflection
                                Q - +3 ring of slaying
                                v - ring of magical power

@: no status effects
A: beak, talons 3, able to fly 1
a: Fly, Renounce Religion


You were on level 1 of the Lair of Beasts.
You worshipped Vehumet.
Vehumet was most pleased with you.
You were hungry.

You visited 3 branches of the dungeon, and saw 14 of its levels.

You collected 840 gold pieces.

Inventory:

Hand Weapons
 w - a +0 blowgun
 E - a +2 falchion of distortion (weapon)
Missiles
 j - 96 poisoned needles
Armour
 a - a +0 robe (worn)
 b - a +1 cloak of poison resistance (worn)
 p - a +2 hat (worn)
 x - a +2 pair of gloves (worn)
 y - a +0 buckler (worn)
Jewellery
 e - an uncursed ring of protection from magic
 k - a +4 amulet of reflection (around neck)
 t - an uncursed amulet of the gourmand
 v - a ring of magical power (left hand)
 Q - a +3 ring of slaying (right hand)
Wands
 g - a wand of flame (39/48)
 h - a wand of flame (8/48)
 D - a wand of lightning (3/15)
 F - a wand of flame (14/48)
 J - a wand of slowing (32/48)
 K - a wand of polymorph (4/24)
 O - a wand of disintegration (11/24)
Scrolls
 f - a scroll of holy word {unknown}
 A - a scroll of random uselessness {unknown}
 H - a scroll of amnesia {unknown}
 I - a scroll of recharging {unknown}
 N - a scroll of silence {unknown}
 R - 2 scrolls of remove curse
 S - a scroll of torment {unknown}
Potions
 d - a potion of lignification {unknown}
 i - 3 potions of cancellation
 l - 2 potions of brilliance
 m - a potion of cure mutation
 n - 2 potions of resistance
 z - 2 potions of flight
 C - a potion of berserk rage
 M - a potion of magic
Books
 u - a book of the Warp

   Spells                             Type                      Level
   a - Gell's Gravitas                Hexes/Translocation          3
   b - Force Lance                    Conjuration/Translocation    4
   c - Summon Forest                  Summoning/Translocation      5
   d - Dispersal                      Translocation                6
   e - Controlled Blink               Translocation                8
   f - Disjunction                    Translocation                8
 B - a book of Conjurations

   Spells                             Type                      Level
   a - Magic Dart                     Conjuration                  1
   b - Searing Ray                    Conjuration                  2
   c - Dazzling Spray                 Conjuration/Hexes            3
   d - Fulminant Prism                Conjuration/Hexes            4
   e - Iskenderun's Mystic Blast      Conjuration                  4
   f - Iskenderun's Battlesphere      Conjuration/Charms           5
Comestibles
 c - 5 bread rations
 o - 3 chunks of flesh
 r - 5 meat rations
 G - 17 fruits


   Skills:
 + Level 7.1 Fighting
   Level 1.4(8.5) Short Blades
 * Level 12.8 Long Blades
 - Level 5.0 Dodging
 + Level 4.3 Stealth
 - Level 4.0 Shields
 - Level 2.0 Spellcasting
 + Level 13.3 Conjurations
 + Level 1.4 Evocations


You had 4 spell levels left.
You knew the following spells:

 Your Spells              Type           Power        Failure   Level  Hunger
a - Magic Dart            Conj           ####         1%          1    #......
b - Searing Ray           Conj           #####.       1%          2    ###....
c - Iskenderun's Mystic   Conj           #####...     1%          4    #####..
d - Dazzling Spray        Conj/Hex       ####..       1%          3    ###....


Dungeon Overview and Level Annotations

Branches:
Dungeon (11/15)            Temple (1/1) D:6            Lair (2/6) D:10
    Orc (0/2) D:9
  Swamp: Lair:2-4    Shoals: Lair:2-4     Snake: Lair:2-4    Spider: Lair:2-4

Altars:
Ashenzari
Cheibriados
Dithmenos
Elyvilon
Fedhas
Gozag
Hepliaklqana
Kikubaaqudgha
Makhleb
Nemelex Xobeh
Okawaru
Qazlal
Ru
Sif Muna
Trog
Uskayaw
Vehumet
Xom
Yredelemnul
Zin
The Shining One

Shops:
D:8 }   D:10 :

Annotations:
D:5 Sigmund
D:8 Ruebezahl's ghost, novice GrCK


Innate Abilities, Weirdness & Mutations

You have a beak for a mouth.
You have claws for feet.
You can fly.


Message History

The nine-headed hydra bites you!
You block the nine-headed hydra's attack.
The nine-headed hydra bites you! x2; The nine-headed hydra bites you.
* * * LOW HITPOINT WARNING * * *
The nine-headed hydra bites you!
* * * LOW HITPOINT WARNING * * *
You block the nine-headed hydra's attack.
Okay, then.
You chop one of the nine-headed hydra's heads off!
The eight-headed hydra grows two more!
You hit the ten-headed hydra.
Space bends around the ten-headed hydra.
The ten-headed hydra is moderately wounded.
You slice one of the ten-headed hydra's heads off!
The nine-headed hydra grows two more!
You hit the 11-headed hydra.
Space bends around the 11-headed hydra.
Your kick misses the 11-headed hydra.
The 11-headed hydra is lightly wounded.
You block the 11-headed hydra's attack. The 11-headed hydra bites you!
* * * LOW HITPOINT WARNING * * *
The 11-headed hydra bites you!
You die...

.....%.....l## # ##..##
.............# ##..#.##
.............## #......#
...!..........###......##
..$........(...##.......#
..............###.......#
..............#..........
P.............##.D......#
............####@#......#
..........### #.###.).!.#
..##....### ###.# #...##
..###### #...# ...?# ...#
###.## #### #..# #.#.#
...## ###..# ....#
##.#.## ....######....##


You could see a 11-headed hydra.

Vanquished Creatures
  Gastronok (D:9)
  Nergalle (D:10)
  A cyclops (D:9)
  A black mamba (Lair:1)
  Maurice (D:10)
  A spiny frog (D:10)
  A troll (D:10)
  Prince Ribbit (D:5)
  3 wyverns
  Eustachio (D:5)
  10 yaks
  Menkaure (D:5)
  A hippogriff (D:11)
  A porcupine (Lair:1)
  Duvessa (D:6)
  An orc warrior (D:10)
  An ice beast (D:6)
  A phantom (D:9)
  2 sky beasts
  6 ogres
  3 necrophages (D:7)
  3 centaurs
  7 wolves
  2 crocodiles (Lair:1)
  2 big kobolds (D:8)
  9 giant frogs
  A gnoll sergeant (D:6)
  Dowan (D:6)
  A wyvern skeleton (D:8)
  3 scorpions
  5 killer bees (D:7)
  3 wights (D:7)
  2 electric eels (D:10)
  3 howler monkeys (D:7)
  2 crimson imps (D:5)
  A giant frog zombie (D:5)
  A centaur zombie (D:7)
  3 quasits
  6 hounds
  4 orc priests
  2 centaur skeletons
  2 giant frog skeletons
  3 jellies
  3 iguanas
  9 orc wizards
  4 worker ants
  2 hound skeletons
  A mummy (D:7)
  A worker ant zombie (D:10)
  15 gnolls
  A howler monkey skeleton (D:9)
  11 adders
  2 shadow imps
  An ooze (D:3)
  An adder skeleton (D:9)
  An adder zombie (D:7)
  A worm (D:5)
  3 dart slugs
  9 giant geckos
  28 orcs
  6 bats
  2 giant cockroaches
  5 goblins
  3 hobgoblins
  16 jackals
  3 quokkas
  2 ball pythons
  A giant gecko zombie (D:9)
  4 giant newts
  2 jackal zombies (D:7)
  9 kobolds
  7 rats
259 creatures vanquished.

Vanquished Creatures (others)
  2 yaks (D:11)
  An ice beast (D:9)
  A wolf (Lair:1)
  A wyvern zombie (D:6)
  A giant frog (D:8)
  A worker ant (D:11)
  A withered plant (D:7)
8 creatures vanquished.

Grand Total: 267 creatures vanquished

Notes
Turn   | Place    | Note
-------+----------+-------------------------------------------
     0 | D:1      | Slobodan the Tengu Conjurer began the quest for the Orb.
     0 | D:1      | Reached XP level 1. HP: 10/10 MP: 4/4
   351 | D:1      | Reached XP level 2. HP: 15/15 MP: 1/6
   441 | D:1      | Learned a level 2 spell: Searing Ray
   490 | D:1      | Reached skill level 6 in Conjurations
   680 | D:1      | Reached XP level 3. HP: 19/19 MP: 4/7
  1298 | D:2      | Reached skill level 7 in Conjurations
  1457 | D:2      | Reached XP level 4. HP: 24/24 MP: 8/8
  1513 | D:2      | Reached skill level 1 in Short Blades
  1602 | D:2      | Learned a level 4 spell: Iskenderun's Mystic Blast
  1910 | D:3      | Reached skill level 1 in Long Blades
  1910 | D:3      | Gained mutation: You can fly. [Tengu growth]
  1910 | D:3      | Reached XP level 5. HP: 27/28 MP: 9/9
  3131 | D:4      | Reached XP level 6. HP: 32/32 MP: 10/10
  3524 | D:4      | Reached skill level 8 in Conjurations
  3828 | D:4      | Upgraded the game from 0.19-a0-1320-g0178847 to 0.19-a0-1341-g3513869
  3831 | D:5      | Entered Level 5 of the Dungeon
  3831 | D:5      | Found a shattered altar of Ashenzari.
  3832 | D:5      | Noticed Menkaure
  3843 | D:5      | Killed Menkaure
  3843 | D:5      | Reached skill level 1 in Fighting
  3843 | D:5      | Reached XP level 7. HP: 26/38 MP: 0/11
  4341 | D:5      | Noticed Sigmund
  4395 | D:5      | Noticed Prince Ribbit
  4592 | D:5      | Noticed Eustachio
  4601 | D:5      | Killed Eustachio
  4601 | D:5      | Reached XP level 8. HP: 43/45 MP: 1/12
  4996 | D:5      | Killed Prince Ribbit
  4996 | D:5      | Reached skill level 5 in Long Blades
  4996 | D:5      | Reached skill level 9 in Conjurations
  5371 | D:6      | Noticed Dowan
  5372 | D:6      | Noticed Duvessa
  5954 | D:6      | Found a staircase to the Ecumenical Temple.
  5963 | Temple   | Entered the Ecumenical Temple
  6143 | Temple   | Became a worshipper of Vehumet
  6190 | D:6      | Killed Dowan
  6201 | D:6      | Killed Duvessa
  6453 | D:6      | Reached XP level 9. HP: 52/52 MP: 1/13
  6576 | D:6      | Reached skill level 10 in Conjurations
  6648 | D:6      | Learned a level 3 spell: Dazzling Spray
  7073 | D:7      | Reached skill level 1 in Shields
  7545 | D:7      | Reached * piety under Vehumet
  7545 | D:7      | Offered knowledge of Freeze by Vehumet.
  8153 | D:7      | Reached skill level 11 in Conjurations
  8809 | D:8      | Found an iron altar of Okawaru.
  9012 | D:8      | Noticed Ruebezahl's ghost (novice GrCK)
  9063 | D:8      | Found Misoyhuv's Gadget Shoppe.
  9069 | D:8      | Reached XP level 10. HP: 57/57 MP: 14/14
  9464 | D:8      | Offered knowledge of Shock by Vehumet.
  9467 | D:8      | Reached ** piety under Vehumet
  9657 | D:8      | Reached skill level 10 in Long Blades
  9985 | D:9      | Found a staircase to the Orcish Mines.
 10212 | D:9      | Noticed Gastronok
 10405 | D:9      | Killed Gastronok
 10405 | D:9      | Reached skill level 5 in Fighting
 10405 | D:9      | Reached skill level 12 in Conjurations
 10601 | D:9      | Noticed a cyclops
 10641 | D:9      | Killed a cyclops
 10799 | D:9      | Reached XP level 11. HP: 63/64 MP: 13/15
 10950 | D:9      | Found a glowing golden altar of the Shining One.
 11077 | D:10     | Entered Level 10 of the Dungeon
 11557 | D:10     | Found Lumoul's Book Shoppe.
 11593 | D:10     | Noticed Maurice
 11684 | D:10     | Killed Maurice
 11706 | D:10     | Noticed Nergalle
 11965 | D:10     | Offered knowledge of Stone Arrow by Vehumet.
 12262 | D:10     | Killed Nergalle
 12371 | D:10     | Found a staircase to the Lair.
 12657 | D:11     | Reached *** piety under Vehumet
 12663 | D:11     | Reached skill level 13 in Conjurations
 13591 | Lair:1   | Entered Level 1 of the Lair of Beasts
 13593 | Lair:1   | Noticed an eight-headed hydra
 14163 | Lair:1   | Reached skill level 1 in Evocations
 14169 | Lair:1   | Offered knowledge of Mephitic Cloud by Vehumet.
 14293 | Lair:1   | Reached skill level 5 in Dodging
 14431 | Lair:1   | HP: 3/67 [11-headed hydra (7)]
 14431 | Lair:1   | Mangled by an 11-headed hydra

Vault maps used:
D:1:      nagdon_arrival_double_spiral
D:4:      first_bread
D:5:      basic_altar, uniq_sigmund, uniq_eustachio, uniq_prince_ribbit1,
          uniq_menkaure
D:6:      uniq_duvessa
D:7:      serial_undead, serial_undead_e, serial_undead_a, serial_undead_f,
          serial_undead_d, serial_undead_c, serial_undead_c
D:8:      serial_shops, shop, blue_anna_alchemist, okawaru_gym_becter
D:9:      kennysheep_blocky_room, grunt_ministairs_1, abandoned_shop,
          tso_metal_star, uniq_gastronok
D:10:     erik_lair_island, serial_shops, shop_statue, uniq_nergalle,
          uniq_maurice
D:11:     corexii_leaking_fountain, solitary_fountain
Temple:   minmay_crystal_snake_temple
Lair:1:   wad_woods_river_01
Lair:2:   serial_bayou_shore_a, grunt_megastairs_4, lemuel_fruit_fields,
          infiniplex_staircase_pool, uniq_sonja

Skill      XL: |  1  2  3  4  5  6  7  8  9 10 11 |
---------------+----------------------------------+-----
Conjurations   | 6 7 8 9 11 12 13 | 13.3
Short Blades   | 1 |  1.4
Long Blades    | 1 2 4 7 9 11 12 | 12.8
Stealth        | 3 4 |  4.3
Fighting       | 1 2 4 5 7 |  7.1
Dodging        | 3 5 |  5.0
Shields        | 3 4 |  4.0
Evocations     | 1 |  1.4
Spellcasting   | |  2.0

Action                   |  1- 3 |  4- 6 |  7- 9 | 10-12 || total
-------------------------+-------+-------+-------+-------++-------
Melee: Unarmed           |     2 |       |       |       ||     2
       Club              |     5 |       |       |       ||     5
       Peck              |     1 |       |    10 |    18 ||    29
       Falchion          |       |    10 |    72 |   158 ||   240
       Kick              |       |     1 |    15 |    29 ||    45
Throw: Stone             |     3 |       |       |       ||     3
       Throwing net      |       |       |     2 |       ||     2
 Cast: Magic Dart        |    49 |    50 |    81 |   133 ||   313
       Searing Ray       |     6 |    17 |    32 |    30 ||    85
       Iskenderun's Myst |       |     3 |    63 |    67 ||   133
       Dazzling Spray    |       |       |       |     3 ||     3
 Abil: Fly               |       |       |     6 |     1 ||     7
Evoke: Wand              |       |       |     3 |     4 ||     7
  Use: Scroll            |       |     3 |    11 |    18 ||    32
       Potion            |       |     1 |     7 |     6 ||    14
 Stab: Sleeping          |       |     1 |       |       ||     1
       Distracted        |       |       |       |     1 ||     1
       Fleeing           |       |       |       |     1 ||     1
  Eat: Chunk             |     3 |     9 |    29 |    21 ||    62
       Beef jerky        |       |     1 |     1 |       ||     2
       Bread ration      |       |       |     1 |     2 ||     3
       Fruit             |       |       |       |     7 ||     7
       Pizza             |       |       |       |     1 ||     1
Armor: Robe              |     2 |     2 |    10 |    19 ||    33
Dodge: Dodged            |    11 |    18 |    35 |    77 ||   141
Block: Other             |     1 |     6 |       |       ||     7
       Reflection        |       |     1 |     1 |     5 ||     7
       Buckler           |       |       |    11 |    68 ||    79
